AoeStats
← HuerquenLa

Arabia

510575935Analyzed
1v1 RM · 1d ago on Oct 1, 2026· 37m 38s· 2 players
Game mode
Random Map
Map size
Tiny (2 player)
Population
200
Speed
Normal
Resources
Standard
Victory
Conquest
Starting age
Dark Age
Ending age
Imperial Age
RankedLock teamsTeams togetherTeam positionsShared explorationLock speedFull tech treeHidden civsTurbo modeCheats
Victory
Defeat
🇲🇽 Huns · Mexico
745
+18
🇦🇷 Bulgarians · Argentina
780
-18
MidweekRug6
11:51 Feudal Age
12:29 Loom
17:35 Fletching
21:30 Forging
24:37 Castle Age
22:59 Bloodlines
25:39 Double-Bit Axe
25:40 Horse Collar
30:41 Bodkin Arrow
32:42 Elite Skirmisher
36:37 Scale Barding Armor
38:48 Iron Casting
HuerquenLa
2:22 Loom
10:24 Feudal Age
10:59 Double-Bit Axe
11:17 Horse Collar
20:02 Fletching
27:29 Castle Age
27:03 Gold Mining
27:28 Bloodlines
27:30 Scale Barding Armor
27:37 Forging
28:50 Husbandry
Connection lost

Rejoining the realm…

Still unreachable

The connection could not be restored.

Session expired

The server has moved on; the page needs a fresh start.